 Dungeon Crawl Stone Soup version 0.30-a0-1093-gcfb1e0cf12 (webtiles) character file.

Game seed: 7418759008215688849

4836 KristoblXynda the Covert (level 10, -9/53 HPs)
             Began as a Spriggan Berserker on Apr 17, 2023.
             Was a High Priest of Trog.
             Mangled by a gnoll sergeant
             ... wielding a +2 trident of venom
              (11 damage)
             ... on level 9 of the Dungeon.
             The game lasted 00:15:28 (10670 turns).

KristoblXynda the Covert (Spriggan Berserker)      Turns: 10670, Time: 00:15:29

Health: -9/53      AC:  6    Str: 13    XL:     10   Next: 25%
Magic:  11/11      EV: 23    Int: 13    God:    Trog [*****.]
Gold:   564        SH:  0    Dex: 15    Spells: 9/9 levels left

rFire   . . .      SeeInvis +    o - +1 dagger (vamp)
rCold   . . .      Faith    .    (no shield)
rNeg    . . .      Spirit   .    n - +1 steam dragon scales
rPois   .          Reflect  .    (helmet restricted)
rElec   .          Rampage  .    (no cloak)
rCorr   .                        (gloves unavailable)
Will    +....                    (boots unavailable)
Stlth   +++++                    (no amulet)
HPRegen 0.28/turn                (no ring)
MPRegen 0.12/turn                (no ring)

@: lethally poisoned (-9 -> -21), very quick
A: very small, no large weapons, unfitting armour, see invisible, speed 3
a: Renounce Religion, Berserk, Trog's Hand, Brothers in Arms


You were on level 9 of the Dungeon.
You worshipped Trog.
Trog was extremely pleased with you.
You visited 2 branches of the dungeon, and saw 10 of its levels.

You collected 564 gold pieces.

Inventory:

Hand Weapons
 j - a +1 dagger of holy wrath
 o - a +1 vampiric dagger (weapon)
Armour
 n - +1 steam dragon scales (worn)
Jewellery
 b - an amulet of reflection
Scrolls
 a - a scroll of enchant armour
 c - 3 scrolls of immolation
 d - 5 scrolls of teleportation
 k - 3 scrolls of fog
 m - a scroll of fear
Potions
 e - 5 potions of curing
 f - a potion of invisibility
 g - a potion of berserk rage {unknown}
 h - 2 potions of attraction {unknown}
 i - a potion of magic
 l - a potion of mutation
 p - a potion of brilliance
 q - a potion of cancellation
 r - a potion of heal wounds


   Skills:
 + Level 6.6 Fighting
 + Level 8.7 Short Blades
 + Level 3.2 Armour
 + Level 10.4 Dodging
 - Level 10.6 Stealth


You had 9 spell levels left.
You didn't know any spells.
Your spell library contained the following spells:

 Spells                   Type           Power      Damage    Failure   Level
 Necrotise                Necr           0%         1d4       30%         1
 Sandblast                Erth           0%         2d4       30%         1
 Passwall                 Tmut/Erth      0%         N/A       43%         2
 Stone Arrow              Conj/Erth      0%         3d7       67%         3
 Vampiric Draining        Necr           0%         2d6       67%         3
 Agony                    Necr           0%         N/A       100%        5


Dungeon Overview and Level Annotations

Branches:
Dungeon (9/15)             Temple (1/1) D:6
   Lair: D:8-11         Orc: D:9-12

Altars:
Ashenzari
Cheibriados
Dithmenos
Elyvilon
Fedhas
Gozag
Hepliaklqana
Kikubaaqudgha
Makhleb
Nemelex Xobeh
Okawaru
Qazlal
Ru
Sif Muna
Trog
Uskayaw
Vehumet
Wu Jian
Yredelemnul
Zin
The Shining One


Innate Abilities, Weirdness & Mutations

You are very small and have problems with some larger weapons.
You are too small for most types of armour.
You have supernaturally acute eyesight. (SInv)
You cover ground extremely quickly. (Speed+++)


Message History

The troll is lightly wounded.
The troll closely misses you. The troll claws you. The troll barely misses you.
You closely miss the troll.
The troll is lightly wounded.
You barely miss the troll.
The troll is lightly wounded.
The troll bites you! The troll misses you. The troll closely misses you.
The orc priest closely misses you.
You hit the troll but do no damage.
The troll is lightly wounded.
You hit the troll.
You feel better.
The troll is lightly wounded.
The orc priest completely misses you. The troll completely misses you.
The troll closely misses you. The troll completely misses you.
You hit the troll.
You feel better.
The troll is lightly wounded.
You hit the troll.
You feel better.
The troll is lightly wounded.
The troll closely misses you. The troll misses you.
The troll claws you but does no damage. The orc priest completely misses you.
The gnoll sergeant hits you from afar with a +2 trident of venom!
You are poisoned.
You hit the troll.
You feel better.
The troll is moderately wounded.
You feel sick.
You hit the troll.
You feel better.
The troll is moderately wounded.
You feel sick. The troll bites you! The troll barely misses you.
The troll closely misses you.
The gnoll sergeant hits you from afar with a +2 trident of venom!
* * * LOW HITPOINT WARNING * * *
You are more poisoned.
The orc priest hits you with a +0 falchion.
* * * LOW HITPOINT WARNING * * *
You are too injured to fight recklessly!
You are too injured to fight recklessly!
* * * LOW HITPOINT WARNING * * *
You feel sick. The troll closely misses you. The troll barely misses you. x2
The gnoll sergeant hits you from afar with a +2 trident of venom!
You die...

.........#..........#...#......
#########.....#...#.......#....
######........#.#...........#..
.......##.....#......###......#
#########.......###..###########
....)).....>....................
#...)######.#.##)########......#
#.........#.#>##.# ##.#.#.#.#.##
#....####.#...##@####...........#
+.......#.######oTg..#.#.#.#.#.#
#....##.#.#......).........<...?
#....##.#.#.##########.#.#.#.#.##
#.#####...#.## #.....DoT....
#.#########.<#########.#o#.#)#.#.
#.......<##..#...................
......##.##........ยง.#.#.#.#o#.#.
.......# ##.#..............o..


You could see a troll, a gnoll sergeant and an orc priest.

Vanquished Creatures
  2 hornets
  5 yaks (D:8)
  A wraith (D:5)
  A wyvern (D:8)
  3 steam dragons
  A water moccasin (D:5)
  A black bear (D:6)
  An orc warrior (D:9)
  An ice beast (D:7)
  2 ogres (D:6)
  A phantom (D:5)
  A kobold brigand (D:3)
  A gnoll sergeant (D:8)
  3 scorpions
  5 bullfrogs
  A necrophage (D:5)
  9 killer bees
  3 howler monkeys
  5 hounds
  4 jellies
  3 sleepcaps
  6 orc priests
  A bullfrog skeleton (D:5)
  A gnoll bouda (D:5)
  Jessica (D:3)
  3 orc wizards
  Ijyb (D:3)
  An iguana (D:5)
  2 hell rats (D:8)
  A bullfrog simulacrum (D:5)
  15 gnolls
  5 adders
  7 river rats (D:8)
  2 white imps
  2 ufetubi (D:5)
  An adder zombie (D:5)
  A worm (D:4)
  A dart slug (D:1)
  21 orcs
  6 ball pythons
  9 endoplasms
  4 giant cockroaches
  7 goblins
  10 hobgoblins
  11 kobolds
  9 quokkas
  3 bats
  4 frilled lizards
  18 rats
207 creatures vanquished.

Vanquished Creatures (others)
  An orc (D:9)
  18 plants (D:5)
  18 withered plants (D:5)
37 creatures vanquished.

Grand Total: 244 creatures vanquished

Notes
Turn   | Place    | Note
-------+----------+-------------------------------------------
     0 | D:1      | KristoblXynda the Spriggan Berserker began the quest for
                  | the Orb.
     0 | D:1      | Reached XP level 1. HP: 11/11 MP: 2/2
    97 | D:1      | Reached skill level 1 in Stealth
   173 | D:1      | Reached XP level 2. HP: 16/16 MP: 3/3
   845 | D:2      | Reached ** piety under Trog
   925 | D:2      | Reached XP level 3. HP: 17/19 MP: 4/4
  1531 | D:2      | Identified the +0 pair of gloves "Irroras" {Int+2}
  1744 | D:3      | Reached XP level 4. HP: 19/24 MP: 5/5
  1842 | D:3      | Noticed Ijyb
  1875 | D:3      | Killed Ijyb
  1876 | D:3      | Reached skill level 5 in Dodging
  2103 | D:3      | Identified the +2 leather armour of the Candlemaker {Str+3}
  2334 | D:3      | Noticed Jessica
  2356 | D:3      | Killed Jessica
  2357 | D:3      | Reached XP level 5. HP: 15/28 MP: 0/6
  3057 | D:4      | Reached XP level 6. HP: 22/32 MP: 7/7
  3576 | D:4      | Reached *** piety under Trog
  3711 | D:4      | Reached skill level 5 in Stealth
  3927 | D:4      | Found a white marble altar of Elyvilon.
  3927 | D:4      | Found a glowing silver altar of Zin.
  3928 | D:4      | Found a glowing golden altar of the Shining One.
  4005 | D:5      | Entered Level 5 of the Dungeon
  4090 | D:5      | Reached skill level 5 in Short Blades
  4371 | D:5      | Found a sacrificial altar of Ru.
  4376 | D:5      | Reached XP level 7. HP: 37/37 MP: 8/8
  5158 | D:5      | Found a shimmering blue altar of Sif Muna.
  5498 | D:5      | Reached XP level 8. HP: 31/42 MP: 9/9
  5905 | D:5      | Identified the +4 dagger "Dytune" {pain, rN++}
  5910 | D:5      | Reached **** piety under Trog
  5986 | D:6      | Found a staircase to the Ecumenical Temple.
  5998 | Temple   | Entered the Ecumenical Temple
  6228 | D:6      | Reached skill level 5 in Fighting
  6321 | D:6      | Found a hazy altar of Hepliaklqana.
  6325 | D:6      | Found a snail-covered altar of Cheibriados.
  6422 | D:6      | Found a radiant altar of Vehumet.
  7116 | D:7      | Reached XP level 9. HP: 31/47 MP: 10/10
  7636 | D:7      | Reached skill level 1 in Armour
  7724 | D:7      | Found a shadowy altar of Dithmenos.
  8201 | D:8      | Noticed a two-headed ogre
  8534 | D:8      | Reached skill level 10 in Stealth
  9351 | D:8      | Found an iron altar of Okawaru.
  9354 | D:8      | Reached skill level 10 in Dodging
  9354 | D:8      | Reached XP level 10. HP: 53/53 MP: 11/11
  9844 | D:8      | Paralysed by a hornet for 1 turns
 10294 | D:9      | Reached ***** piety under Trog
 10670 | D:9      | HP: 2/53 [poisoned by a gnoll sergeant]
 10670 | D:9      | Mangled by a gnoll sergeant

Illustrated notes

Levels and vault maps discovered:
D:1:      dpeg_arrival_leaves_temple_mockup, layout_loops_ring
D:2:      layout_loops_cross, hangedman_glass_teeth
D:3:      cheibrodos_thug_alley, layout_basic, uniq_ijyb, uniq_jessica
D:4:      layout_basic, good_gods_temple_1
D:5:      layout_basic, mainiacjoe_overflow_concentric_impassable,
          nicolae_ru_great_annihilating_truth, serial_bayou_lagoon_a,
          small_statue_alley_b, dilly_guarded_unrand_morg
D:6:      layout_loops_cross, vehumet_crystals, grunt_temple_overflow_open,
          temple_fountains, minmay_misc_feat_pillars
D:7:      layout_basic, mainiacjoe_overflow_brackets,
          chequers_ossuary_entry_cave, minivault_10
D:8:      lemuel_ratsnest, layout_loops_ring, mainiacjoe_overflow_alcove_4,
          grunt_ministairs_2
D:9:      kennysheep_spiral_hall, layout_basic, doesnt_xom_only_xom,
          minmay_misc_feat_more_columns, st_stairs_10,
          hangedman_decor_clover_reticule
Temple:   minmay_temple_curvy_loop

Skill      XL: |  1  2  3  4  5  6  7  8  9 10 |
---------------+-------------------------------+-----
Stealth        | 1 3 4 5 7 8 10 | 10.6
Fighting       | 3 4 5 6 |  6.6
Short Blades   | 4 5 6 7 8 |  8.7
Dodging        | 5 6 7 8 10 | 10.4
Armour         | 2 3 |  3.2

Action                     |  1- 3 |  4- 6 |  7- 9 | 10-12 || total
---------------------------+-------+-------+-------+-------++-------
  Melee: Short sword       |   127 |       |       |       ||   127
         Punch             |     2 |       |     7 |     3 ||    12
         Dagger            |    34 |   256 |   550 |   305 ||  1145
         Unarmed           |       |    28 |       |       ||    28
 Invoke: Berserk           |     2 |     3 |     7 |     3 ||    15
         Trog's Hand       |       |     1 |     1 |       ||     2
    Use: Scroll            |     1 |     6 |    10 |     1 ||    18
         Potion            |       |       |     3 |       ||     3
   Stab: Sleeping          |     4 |    10 |    11 |     1 ||    26
         Paralysed         |       |       |     1 |       ||     1
 Armour: Animal skin       |    18 |    20 |     8 |       ||    46
         Skin              |       |     2 |       |       ||     2
         Steam dragon scal |       |       |    23 |    22 ||    45
  Dodge: Dodged            |    82 |   164 |   397 |   222 ||   865

Table legend: (Time is in decaauts)
 A = Elapsed time spent in this place.
 B = Non-inter-level travel time spent in this place.
 C = Inter-level travel time spent in this place.
 D = Time resting spent in this place.
 E = Time spent auto-exploring this place.
 F = Levels seen in this place.
 G = Mean time per level.
                   A        B        C        D        E       F      G
               +--------+--------+--------+--------+--------+-----+--------+
         Total |   8097 |   8043 |     54 |   2787 |   3493 |  10 |  809.7 |
       Dungeon |   7963 |   7923 |     40 |   2787 |   3376 |   9 |  884.8 |
        Temple |    134 |    121 |     13 |      0 |    117 |   1 |  134.0 |
               +--------+--------+--------+--------+--------+-----+--------+

Top non-repeatable levels by time:
     D:5: 1635 daAuts
     D:8: 1377 daAuts
     D:3: 1085 daAuts
     D:7: 985 daAuts
     D:4: 751 daAuts
     D:2: 648 daAuts
     D:6: 587 daAuts
     D:1: 513 daAuts
     D:9: 377 daAuts
  Temple: 134 daAuts
